 Dungeon Crawl Stone Soup version 0.25-a0-110-ge29c8f2358 (webtiles) character file.

Game seed: 9395510791168942033, levelgen mode: deterministic

8316 MisterFreud the Magician (level 11, -1/80 (81) HPs)
             Began as a Gnoll Ice Elementalist on Nov 19, 2019.
             Was a Follower of Ashenzari.
             Slain by a two-headed ogre
             ... wielding a +0 giant club
              (15 damage)
             ... on level 11 of the Dungeon.
             The game lasted 00:22:15 (10803 turns).

MisterFreud the Magician (Gnoll Ice Elementalist)  Turns: 10803, Time: 00:22:15

HP:   -1/80 (81)    AC: 10    Str: 11    XL:     11   Next: 29%
MP:   0/22          EV: 17    Int: 20    God:    Ashenzari [*.....]
Gold: 513           SH:  6    Dex: 16    Spells: 21/25 levels left

rFire    . . .     SeeInvis .   F - +3 short sword (venom)
rCold    . . .     Gourm    .   y - +0 buckler
rNeg     . . .     Faith    .   a - +0 robe
rPois    .         Spirit   +   J - +1 helmet
rElec    .         Reflect  .   m - +1 cloak
rCorr    .         Harm     .   r - +2 pair of gloves
MR       .....                  (no boots)
Stlth    ++++......             x - amulet of guardian spirit
HPRegen  0.23/turn              (no ring)
MPRegen  0.18/turn              (no ring)

@: no status effects
A: distributed training, fangs 1, strong nose
a: Curse Item, Scrying, Renounce Religion


You were on level 11 of the Dungeon.
You worshipped Ashenzari.
Ashenzari was aware of your devotion.
You were not hungry.

You visited 2 branches of the dungeon, and saw 12 of its levels.

You collected 591 gold pieces.
You spent 78 gold pieces at shops.

Inventory:

Hand Weapons
 f - a +0 short sword
 t - a +1 war axe of flaming
 F - a +3 short sword of venom (weapon)
 R - a +1 battleaxe of flaming
Missiles
 e - 363 stones (quivered)
 n - 110 arrows
 q - 9 boomerangs
 u - 98 sling bullets
 C - 45 poisoned darts
 S - 17 bolts
Armour
 a - a +0 robe (worn)
 m - a +1 cloak (worn)
 r - a +2 pair of gloves (worn)
 y - a +0 buckler (worn)
 J - a +1 helmet (worn)
 Q - a +0 troll leather armour
Jewellery
 x - an amulet of guardian spirit (around neck)
 M - an uncursed ring of see invisible
 T - an uncursed amulet of magic regeneration
Wands
 g - a wand of disintegration (15)
 D - a wand of acid (5)
 I - a wand of random effects (9)
 K - a wand of flame (20)
 O - a wand of digging (12)
Scrolls
 h - 3 scrolls of magic mapping
 k - 8 scrolls of identify
 l - 3 scrolls of amnesia
 s - a scroll of fog
 v - a scroll of blinking
 z - a scroll of enchant weapon
 B - 4 scrolls of fear
 L - a scroll of random uselessness {unknown}
 N - a scroll of remove curse
 P - 2 scrolls of enchant armour {unknown}
Potions
 b - 5 potions of flight
 d - 3 potions of agility
 i - 4 potions of lignification
 j - 6 potions of curing
 o - a potion of heal wounds
 p - 3 potions of brilliance
 w - 3 potions of mutation
 A - 4 potions of haste
 E - a potion of ambrosia
 G - 2 potions of invisibility
 H - a potion of might
 U - a potion of magic {unknown}
Comestibles
 c - 21 rations


   Skills:
 + Level 6.0 Fighting
 + Level 6.0 Short Blades
 + Level 6.0 Long Blades
 + Level 6.0 Axes
 + Level 6.0 Maces & Flails
 + Level 6.0 Polearms
 + Level 6.0 Staves
 + Level 6.0 Slings
 + Level 6.0 Bows
 + Level 6.0 Crossbows
 + Level 6.0 Throwing
 + Level 6.0 Armour
 + Level 7.6 Dodging
 + Level 7.4 Stealth
 + Level 6.0 Shields
 + Level 6.0 Unarmed Combat
 + Level 7.9 Spellcasting
 + Level 5.5 Conjurations
 + Level 5.0 Hexes
 + Level 5.0 Charms
 + Level 5.0 Summonings
 + Level 5.0 Necromancy
 + Level 5.0 Translocations
 + Level 5.0 Transmutations
 + Level 5.0 Fire Magic
 + Level 7.5 Ice Magic
 + Level 5.0 Air Magic
 + Level 5.0 Earth Magic
 + Level 5.0 Poison Magic
 + Level 6.6 Invocations
 + Level 6.0 Evocations


You had 21 spell levels left.
You knew the following spells:

 Your Spells              Type           Power        Failure   Level  Hunger
a - Freeze                Ice            ####         1%          1    None
b - Ozocubu's Armour      Chrm/Ice       ####....     1%          3    None

Your spell library contained the following spells:

 Spells                   Type           Power        Failure   Level  Hunger
 Throw Frost              Conj/Ice       ####..       1%          2    None
 Recall                   Summ/Tloc      N/A          3%          3    None
 Summon Guardian Golem    Hex/Summ       ####....     3%          3    None
 Vampiric Draining        Necr           ####......   3%          3    None
 Summon Ice Beast         Ice/Summ       ####....     6%          4    ###....
 Throw Icicle             Conj/Ice       ####....     6%          4    ###....
 Simulacrum               Ice/Necr       ####......   69%         6    ######.
 Spellforged Servitor     Conj/Summ      ####......   100%        7    #######


Dungeon Overview and Level Annotations

Branches:
Dungeon (11/15)            Temple (1/1) D:7            Lair (0/6) D:9
    Orc: D:9-12

Altars:
Ashenzari
Cheibriados
Gozag
Hepliaklqana
Kikubaaqudgha
Makhleb
Nemelex Xobeh
Okawaru
Qazlal
Ru
Sif Muna
Uskayaw
Vehumet
Xom
The Shining One

Shops:
D:10 *


Innate Abilities, Weirdness & Mutations

Your experience applies equally to all skills.
You have very sharp teeth.
Your uncanny sense of smell can sniff out nearby items.


Message History

The two-headed ogre is severely wounded.
Casting: Freeze (safe; 1% risk of failure)
Confirm with . or Enter, or press ? or * to list all spells.
Aiming: Freeze (safe; 1% risk of failure)
Press: ? - help, Shift-Dir - straight line, f/p - two-headed ogre
Aim: a two-headed ogre, wielding two +0 giant clubs (severely wounded, poisoned)
You freeze the two-headed ogre.
The two-headed ogre is almost dead.
The two-headed ogre hits you with a +0 giant club!
* * * LOW HITPOINT WARNING * * *
The two-headed ogre misses you.
Casting: Freeze (safe; 1% risk of failure)
Confirm with . or Enter, or press ? or * to list all spells.
Aiming: Freeze (safe; 1% risk of failure)
Press: ? - help, Shift-Dir - straight line, f/p - two-headed ogre
Aim: a two-headed ogre, wielding two +0 giant clubs (almost dead, poisoned)
You freeze the two-headed ogre.
The two-headed ogre is almost dead.
The two-headed ogre hits you with a +0 giant club!
You die...

#......................#
#.................>..##
#....................###
#.............<........
#..............####....
.###.........#....#
#....
............###...#
##..# ....##.####..#...#
... # ##.@O...##..# ...
#....#.##..#
##..#.###..# #..# .###..
#.#. .# ###.. # ... ...#


You could see a two-headed ogre.

Vanquished Creatures
  A hydra (D:9)
  2 trolls
  2 dream sheep (D:9)
  A wyvern (D:6)
  5 yaks (D:9)
  A hungry ghost (D:10)
  Eustachio (D:5)
  Menkaure (D:6)
  Duvessa (D:5)
  3 sky beasts
  An ice beast (D:9)
  3 black bears (D:10)
  3 centaurs
  6 orc warriors
  3 necrophages
  5 ogres
  4 big kobolds
  12 bullfrogs
  Dowan (D:5)
  4 scorpions
  A water moccasin skeleton (D:9)
  6 killer bees (D:8)
  A wight (D:6)
  A howler monkey (D:6)
  5 crimson imps
  A centaur zombie (D:10)
  A quasit (D:10)
  2 bullfrog skeletons
  7 hounds
  3 jellies
  2 orc priests
  An iguana (D:5)
  16 orc wizards
  9 worker ants
  2 hound skeletons
  A howler monkey zombie (D:7)
  A worker ant zombie (D:10)
  2 gnolls
  14 adders
  3 shadow imps
  An adder zombie (D:6)
  2 adder skeletons
  7 worms
  3 dart slugs
  5 leopard geckos
  51 orcs
  7 giant cockroaches
  9 goblins
  5 hobgoblins
  9 jackals
  18 kobolds
  6 quokkas
  A ball python (D:5)
  10 bats
  3 frilled lizards
  A jackal zombie (D:6)
  A leopard gecko zombie (D:7)
  A quokka skeleton (D:7)
  13 rats
292 creatures vanquished.

Notes
Turn   | Place    | Note
-------+----------+-------------------------------------------
     0 | D:1      | MisterFreud the Gnoll Ice Elementalist began the quest for
                  | the Orb.
     0 | D:1      | Reached XP level 1. HP: 13/13 MP: 6/6
    86 | D:1      | Reached XP level 2. HP: 20/20 MP: 5/7
   208 | D:1      | Reached XP level 3. HP: 16/25 MP: 6/9
   353 | D:1      | Reached skill level 5 in Spellcasting
   765 | D:1      | Reached skill level 1 in Invocations
  1089 | D:2      | Found a shimmering altar of Xom.
  1118 | D:2      | Reached skill level 1 in Fighting
  1118 | D:2      | Reached skill level 1 in Short Blades
  1118 | D:2      | Reached skill level 1 in Long Blades
  1118 | D:2      | Reached skill level 1 in Axes
  1118 | D:2      | Reached skill level 1 in Maces & Flails
  1118 | D:2      | Reached skill level 1 in Polearms
  1118 | D:2      | Reached skill level 1 in Staves
  1118 | D:2      | Reached skill level 1 in Slings
  1118 | D:2      | Reached skill level 1 in Bows
  1118 | D:2      | Reached skill level 1 in Crossbows
  1118 | D:2      | Reached skill level 1 in Throwing
  1118 | D:2      | Reached skill level 1 in Armour
  1118 | D:2      | Reached skill level 1 in Shields
  1118 | D:2      | Reached skill level 1 in Unarmed Combat
  1118 | D:2      | Reached skill level 1 in Evocations
  1118 | D:2      | Reached XP level 4. HP: 24/32 MP: 8/11
  1411 | D:2      | Found a burning altar of Makhleb.
  1411 | D:2      | Found a faded altar of an unknown god.
  1416 | D:2      | Found a faded altar of an unknown god.
  1418 | D:2      | Found a sparkling altar of Nemelex Xobeh.
  1419 | D:2      | Found an ancient bone altar of Kikubaaqudgha.
  1544 | D:2      | Found a faded altar of an unknown god.
  1565 | D:2      | Reached skill level 1 in Hexes
  1565 | D:2      | Reached skill level 1 in Charms
  1565 | D:2      | Reached skill level 1 in Summonings
  1565 | D:2      | Reached skill level 1 in Necromancy
  1565 | D:2      | Reached skill level 1 in Translocations
  1565 | D:2      | Reached skill level 1 in Transmutations
  1565 | D:2      | Reached skill level 1 in Fire Magic
  1565 | D:2      | Reached skill level 1 in Air Magic
  1565 | D:2      | Reached skill level 1 in Earth Magic
  1565 | D:2      | Reached skill level 1 in Poison Magic
  1570 | D:2      | Learned a level 3 spell: Ozocubu's Armour
  1930 | D:2      | You fall into a shaft and drop 2 floors!
  1979 | D:4      | Reached XP level 5. HP: 36/37 MP: 8/12
  2594 | D:3      | Found a snail-covered altar of Cheibriados.
  2701 | D:3      | Reached XP level 6. HP: 43/44 MP: 13/13
  3431 | D:4      | Found a glowing golden altar of the Shining One.
  3623 | D:4      | Reached skill level 5 in Dodging
  3935 | D:5      | Entered Level 5 of the Dungeon
  4033 | D:5      | Reached XP level 7. HP: 46/50 MP: 12/15
  4320 | D:5      | Noticed Eustachio
  4333 | D:5      | Killed Eustachio
  4339 | D:5      | Reached skill level 5 in Stealth
  4422 | D:5      | Noticed Dowan
  4424 | D:5      | Noticed Duvessa
  4431 | D:5      | Killed Duvessa
  4431 | D:5      | Reached XP level 8. HP: 57/57 MP: 12/16
  4440 | D:5      | Killed Dowan
  5031 | D:6      | Noticed Menkaure
  5045 | D:6      | Killed Menkaure
  5185 | D:6      | Found a snail-covered altar of Cheibriados.
  5343 | D:6      | Identified a scroll of acquirement
  5343 | D:6      | Identified the Tome of the Evil Entourage (You acquired it
                  | on level 6 of the Dungeon)
  5448 | D:6      | Noticed a wyvern
  5457 | D:6      | Killed a wyvern
  5457 | D:6      | Reached XP level 9. HP: 63/65 MP: 15/18
  6674 | D:7      | Found a staircase to the Ecumenical Temple.
  6684 | D:7      | Reached skill level 5 in Invocations
  6695 | Temple   | Entered the Ecumenical Temple
  6790 | Temple   | Became a worshipper of Ashenzari the Shackled
  6937 | D:7      | Found a hazy altar of Hepliaklqana.
  7401 | D:8      | Reached XP level 10. HP: 73/73 MP: 20/20
  7745 | D:8      | Reached * piety under Ashenzari
  7805 | D:8      | Found an iron altar of Okawaru.
  8182 | D:9      | Reached skill level 5 in Fighting
  8182 | D:9      | Reached skill level 5 in Short Blades
  8182 | D:9      | Reached skill level 5 in Long Blades
  8182 | D:9      | Reached skill level 5 in Axes
  8182 | D:9      | Reached skill level 5 in Maces & Flails
  8182 | D:9      | Reached skill level 5 in Polearms
  8182 | D:9      | Reached skill level 5 in Staves
  8182 | D:9      | Reached skill level 5 in Slings
  8182 | D:9      | Reached skill level 5 in Bows
  8182 | D:9      | Reached skill level 5 in Crossbows
  8182 | D:9      | Reached skill level 5 in Throwing
  8182 | D:9      | Reached skill level 5 in Armour
  8182 | D:9      | Reached skill level 5 in Shields
  8182 | D:9      | Reached skill level 5 in Unarmed Combat
  8182 | D:9      | Reached skill level 5 in Evocations
  8682 | D:9      | Found a staircase to the Lair.
  8873 | D:9      | Reached skill level 5 in Conjurations
  9113 | D:9      | Noticed a two-headed hydra
  9123 | D:9      | Killed a two-headed hydra
  9123 | D:9      | Reached XP level 11. HP: 60/81 MP: 10/22
  9298 | D:10     | Entered Level 10 of the Dungeon
  9374 | D:10     | Found Mepog's General Store.
  9398 | D:10     | Bought 2 potions of curing for 78 gold pieces
 10159 | D:10     | Reached skill level 5 in Hexes
 10159 | D:10     | Reached skill level 5 in Charms
 10159 | D:10     | Reached skill level 5 in Summonings
 10159 | D:10     | Reached skill level 5 in Necromancy
 10159 | D:10     | Reached skill level 5 in Translocations
 10159 | D:10     | Reached skill level 5 in Transmutations
 10159 | D:10     | Reached skill level 5 in Fire Magic
 10159 | D:10     | Reached skill level 5 in Air Magic
 10159 | D:10     | Reached skill level 5 in Earth Magic
 10159 | D:10     | Reached skill level 5 in Poison Magic
 10790 | D:11     | Noticed a two-headed ogre
 10803 | D:11     | Slain by a two-headed ogre

Levels and vault maps discovered:
D:1:      scummos_arrival_simple_crosswalls, layout_basic
D:2:      layout_loops_ring, chequers_temple_overflow_minitemple,
          nicolae_overflow_crystal_walls, chequers_ecumenical_altar_island
D:3:      minmay_razor_zed, layout_loops_ring, cheibriados_altar_1,
          first_ration, grunt_decor_fettered
D:4:      layout_loops_ring, tso_altar
D:5:      layout_loops_ring, uniq_eustachio, uniq_duvessa
D:6:      layout_basic, basic_altar, chequers_decorated_corner,
          minmay_increasing_density, uniq_menkaure
D:7:      layout_cave_pools, minmay_temple_entry_proselytizer, basic_altar
D:8:      layout_gridville, kennysheep_mini
D:9:      layout_rooms, lair_entry_dummy, hangedman_ranch
          [blue_anna_fruit_fields]
D:10:     layout_layer_cave, serial_shops, shop_coins
D:11:     layout_layer_cave, orc_0_dummy
Temple:   regret_index_temple_sphere_string

Skill      XL: |  1  2  3  4  5  6  7  8  9 10 11 |
---------------+----------------------------------+-----
Conjurations   | 2 3 4 5 |  5.5
Spellcasting   | 5 6 7 |  7.9
Invocations    | 1 2 3 4 5 6 |  6.6
Fighting       | 1 2 3 4 5 6 |  6.0
Short Blades   | 1 2 3 4 5 6 |  6.0
Long Blades    | 1 2 3 4 5 6 |  6.0
Axes           | 1 2 3 4 5 6 |  6.0
Maces & Flails | 1 2 3 4 5 6 |  6.0
Polearms       | 1 2 3 4 5 6 |  6.0
Staves         | 1 2 3 4 5 6 |  6.0
Slings         | 1 2 3 4 5 6 |  6.0
Bows           | 1 2 3 4 5 6 |  6.0
Crossbows      | 1 2 3 4 5 6 |  6.0
Throwing       | 1 2 3 4 5 6 |  6.0
Armour         | 1 2 3 4 5 6 |  6.0
Shields        | 1 2 3 4 5 6 |  6.0
Unarmed Combat | 1 2 3 4 5 6 |  6.0
Evocations     | 1 2 3 4 5 6 |  6.0
Hexes          | 1 2 3 4 5 |  5.0
Charms         | 1 2 3 4 5 |  5.0
Summonings     | 1 2 3 4 5 |  5.0
Necromancy     | 1 2 3 4 5 |  5.0
Translocations | 1 2 3 4 5 |  5.0
Transmutations | 1 2 3 4 5 |  5.0
Fire Magic     | 1 2 3 4 5 |  5.0
Air Magic      | 1 2 3 4 5 |  5.0
Earth Magic    | 1 2 3 4 5 |  5.0
Poison Magic   | 1 2 3 4 5 |  5.0
Dodging        | 5 6 7 |  7.6
Stealth        | 5 6 7 |  7.4
Ice Magic      | 6 7 |  7.5

Action                   |  1- 3 |  4- 6 |  7- 9 | 10-12 || total
-------------------------+-------+-------+-------+-------++-------
Melee: Short sword       |    60 |   180 |   400 |   369 ||  1009
       Bite              |     7 |    15 |    56 |    31 ||   109
       War axe           |       |     8 |       |       ||     8
       Punch             |       |     1 |     2 |       ||     3
 Cast: Freeze            |    13 |    58 |    30 |    49 ||   150
       Ozocubu's Armour  |       |     2 |     4 |     2 ||     8
Evoke: Wand              |       |       |       |     5 ||     5
  Use: Scroll            |       |       |    20 |     2 ||    22
       Potion            |       |       |     2 |       ||     2
 Stab: Sleeping          |     7 |    20 |    16 |     7 ||    50
       Distracted        |       |       |     2 |       ||     2
  Eat: Chunk             |     1 |     9 |    11 |    10 ||    31
       Ration            |       |       |       |     1 ||     1
Armor: Robe              |    13 |    47 |    96 |   107 ||   263
Dodge: Dodged            |    34 |   161 |   300 |   304 ||   799
Block: Buckler           |       |       |    56 |   122 ||   178

Table legend:
 A = Non-vault XP
 B = Vault XP
 C = Vault XP percentage of total XP
 D = Non-vault monster count
 E = Vault monster count
 F = Vault count percentage of total count
                 A         B        C        D         E       F
            +---------+---------+-------+---------+---------+-------
      Total |    8805 |    3075 |  25.9 |     263 |      29 |   9.9
            +---------+---------+-------+---------+---------+-------
        D:1 |      58 |       0 |   0.0 |      24 |       0 |   0.0
        D:2 |      84 |       0 |   0.0 |      20 |       0 |   0.0
        D:3 |     161 |      47 |  22.6 |      39 |      14 |  26.4
        D:4 |     240 |       0 |   0.0 |       9 |       0 |   0.0
        D:5 |     510 |     414 |  44.8 |      24 |       3 |  11.1
        D:6 |    1487 |     405 |  21.4 |      38 |       3 |   7.3
        D:7 |     928 |      40 |   4.1 |      24 |       1 |   4.0
        D:8 |    1113 |       0 |   0.0 |      27 |       0 |   0.0
        D:9 |    2028 |    2169 |  51.7 |      25 |       8 |  24.2
       D:10 |    2103 |       0 |   0.0 |      31 |       0 |   0.0
       D:11 |      93 |       0 |   0.0 |       2 |       0 |   0.0
            +---------+---------+-------+---------+---------+-------
